 Dungeon Crawl Stone Soup version 0.26.0-10-g1f06aea511 (webtiles) character file.

Game seed: 4255154622980398138

249 mopl the Ruffian (level 5, 0/42 HPs)
             Began as a Palentonga Transmuter on Jan 19, 2021.
             Slain by an orc
             ... wielding a +0 club
              (3 damage)
             ... on level 4 of the Dungeon.
             The game lasted 00:04:32 (2331 turns).

mopl the Ruffian (Palentonga Transmuter)            Turns: 2331, Time: 00:04:32

Health: 0/42       AC:  5    Str: 13    XL:     5   Next: 87%
Magic:  8/9        EV:  9    Int: 15    God:
Gold:   197        SH:  0    Dex: 10    Spells: 0/10 levels left

rFire    + . .     SeeInvis +     - Unarmed
rCold    . . .     Faith    .   (no shield)
rNeg     . . .     Spirit   .   q - +0 troll leather armour {Purgy}
rPois    .         Reflect  .   (helmet currently unavailable)
rElec    .         Harm     .   (no cloak)
rCorr    .         Rampage  .   (no gloves)
Will     .....                  (no barding)
Stlth    ..........             (no amulet)
HPRegen  0.54/turn              b - ring of protection from fire
MPRegen  0.11/turn              k - ring of attention (curse)

@: brilliant, lethally poisoned (0 -> -8), appendages
A: large, horns 2, talons 2, rugged brown scales 3, see invisible, deformed
body, roll 1, armoured tail
a: Rolling Charge, End Transformation


You were on level 4 of the Dungeon.
You had grown temporary horns.
You had grown temporary talons.
You visited 1 branch of the dungeon, and saw 4 of its levels.
You also visited: Sewer.

You collected 197 gold pieces.

Inventory:

Missiles
 m - 7 atropa-tipped darts
 y - 15 poisoned darts
Armour
 h - a cursed -1 robe
 q - a +0 troll leather armour (worn) {Purgy}
 x - a scarf of harm
Jewellery
 b - a ring of protection from fire (left hand)
 k - a cursed ring of attention (right hand)
 n - an uncursed ring of resist corrosion
 t - an uncursed ring of stealth
Wands
 f - a wand of digging (3)
Scrolls
 d - 9 scrolls of identify {unknown}
 e - a scroll of enchant armour {unknown}
 g - a scroll of teleportation {unknown}
 i - 2 scrolls of blinking {unknown}
 l - a scroll of noise {unknown}
 p - a scroll of fear {unknown}
 v - a scroll of magic mapping {unknown}
 w - a scroll of enchant weapon {unknown}
Potions
 a - a potion of heal wounds {unknown}
 c - 3 potions of brilliance
 j - 4 potions of attraction {unknown}
 o - a potion of magic {unknown}
 r - a potion of berserk rage {unknown}
 s - a potion of mutation {unknown}
 u - a potion of curing {unknown}


   Skills:
 - Level 1.0 Fighting
 - Level 1.5 Dodging
 * Level 4.6 Unarmed Combat
 + Level 3.0 Spellcasting
 * Level 4.0 Transmutations
 + Level 0.0 Ice Magic
 + Level 1.1 Poison Magic


You couldn't memorise any spells.
You knew the following spells:

 Your Spells              Type           Power        Failure   Level
a - Beastly Appendage     Tmut           42%          4%          1
b - Spider Form           Tmut/Pois      7%           26%         3
d - Ice Form              Ice/Tmut       12%          73%         4
w - Wereblood             Tmut           21%          8%          2

Your spell library contained the following spells:

 Spells                   Type           Power        Failure   Level
 Blade Hands              Tmut           10%          80%         5


Dungeon Overview and Level Annotations

Branches:
Dungeon (4/15)              Sewer (visited)
 Temple: D:4-7

Altars:


Innate Abilities, Weirdness & Mutations

You are completely covered in rugged brown scales. (AC +3, +7% HP)
You have supernaturally acute eyesight. (SInv)
Armour fits poorly on your strangely shaped body.
You can roll at nearby foes to attack.
You have a long armoured tail.
You have a pair of horns on your head.
You have razor-sharp toenails.


Message History

The orc hits you with a +0 club.
* * * LOW HITPOINT WARNING * * *
Your troll leather armour prevents you from hitting the worker ant.
You claw the worker ant, but do no damage.
Your punch misses the worker ant.
The worker ant is severely wounded.
You feel sick. The worker ant misses you.
You closely miss the worker ant.
The worker ant is severely wounded.
You feel sick. The worker ant bites you.
* * * LOW HITPOINT WARNING * * *
The orc closely misses you. The worker ant bites you.
* * * LOW HITPOINT WARNING * * *
You are lethally poisoned!
The worker ant poisons you!
It was a potion of brilliance.
You feel clever all of a sudden.
* * * LOW HITPOINT WARNING * * *
You feel sick. The orc hits you with a +0 club.
You die...

#############
............##
..........@#.# #
##.....###Bo######.#
#.>.....##.........#
#........†.........##
#.......##...........
##.....# #.#.#######.
##...####....######
##.###............
.................


You could see a worker ant and an orc.

Vanquished Creatures
  Purgy (Sewer)
  A hound (D:4)
  Jessica (D:3)
  2 gnolls (D:1)
  2 adders
  A leopard gecko (D:1)
  2 orcs (D:3)
  11 bats
  4 giant cockroaches
  5 goblins
  8 hobgoblins
  4 jackals (D:1)
  A quokka (D:2)
  A ball python (D:1)
  A frilled lizard (D:4)
  8 kobolds
  8 rats
61 creatures vanquished.

Notes
Turn   | Place    | Note
-------+----------+-------------------------------------------
     0 | D:1      | mopl the Palentonga Transmuter began the quest for the Orb.
     0 | D:1      | Reached XP level 1. HP: 17/17 MP: 3/3
    22 | D:1      | Reached XP level 2. HP: 24/24 MP: 3/5
    32 | D:1      | Learned a level 2 spell: Wereblood
   172 | D:1      | Reached XP level 3. HP: 13/29 MP: 4/6
   688 | D:2      | Learned a level 3 spell: Spider Form
   703 | D:2      | Reached skill level 3 in Transmutations
  1084 | D:2      | Reached XP level 4. HP: 31/37 MP: 7/7
  1332 | D:3      | Noticed Jessica
  1337 | D:3      | Killed Jessica
  1338 | D:3      | Reached skill level 4 in Unarmed Combat
  1459 | D:3      | Found a glowing drain.
  1471 | Sewer    | Entered a sewer
  1518 | Sewer    | Noticed Purgy
  1531 | Sewer    | Killed Purgy
  1532 | Sewer    | Reached skill level 1 in Poison Magic
  1532 | Sewer    | Reached XP level 5. HP: 17/42 MP: 5/9
  2286 | D:4      | Reached skill level 3 in Spellcasting
  2286 | D:4      | Reached skill level 4 in Transmutations
  2303 | D:4      | Learned a level 4 spell: Ice Form
  2331 | D:4      | Slain by an orc

Illustrated notes

Levels and vault maps discovered:
D:1:      wander_arrival_estate, layout_loops_ring, skrybe_limestone_x
D:2:      layout_basic
D:3:      layout_loops_corners, cheibrodos_sewer_entry_drain, uniq_jessica
D:4:      layout_loops_ring

Skill      XL: |  1  2  3  4  5 |
---------------+----------------+-----
Transmutations | 3 4 |  4.0
Unarmed Combat | 4 |  4.6
Poison Magic   | 1 |  1.1
Spellcasting   | 3 |  3.0
Fighting       | |  1.0
Dodging        | |  1.5

Action                   |  1- 3 |  4- 6 || total
-------------------------+-------+-------++-------
Melee: Unarmed           |   110 |   130 ||   240
       Kick              |     8 |     4 ||    12
       Headbutt          |     7 |     4 ||    11
       Tailslap          |     4 |     7 ||    11
       Punch             |     2 |       ||     2
 Cast: Beastly Appendage |     7 |     8 ||    15
       Spider Form       |       |     1 ||     1
  Use: Potion            |       |     1 ||     1
Armor: Robe              |    12 |       ||    12
       Troll leather arm |    30 |    87 ||   117
       Skin              |       |     2 ||     2
Dodge: Dodged            |    67 |   105 ||   172
